AoeStats
← Guazamayete

Arena

510234992Analyzed
4v4 RM · 3d ago on Sep 30, 2026· 48m 15s· 8 players
Game mode
Random Map
Map size
Large (8 player)
Population
200
Speed
Normal
Resources
Standard
Victory
Conquest
Starting age
Dark Age
Ending age
Imperial Age
RankedLock teamsTeams togetherTeam positionsShared explorationLock speedFull tech treeHidden civsTurbo modeCheats
Victory
Defeat
🇺🇸 Huns · United States
843
+15
🇺🇸 Khmer · United States
799
+17
🇪🇨 Turks · Ecuador
783
+17
🇲🇽 Cumans · Mexico
778
+17
🇨🇱 Burgundians · Chile
830
-17
🇨🇱 Franks · Chile
825
-17
🇨🇱 Khmer · Chile
810
-16
793
-16
DlWolf
5:57 Loom
10:22 Feudal Age
14:43 Castle Age
13:01 Double-Bit Axe
13:18 Horse Collar
15:47 Stone Mining
21:47 Fletching
22:49 Bodkin Arrow
27:43 Stone Shaft Mining
34:09 Tusk Swords
36:43 Imperial Age
35:50 Wheelbarrow
37:46 Hand Cart
37:29 Cavalier
39:53 Town Watch
40:06 Elite Battle Elephant
41:17 Gold Mining
42:16 Bloodlines
42:08 Husbandry
42:32 Conscription
ricardorodriguez2978
0:32 Loom
10:11 Feudal Age
10:41 Town Watch
19:32 Castle Age
24:02 Wheelbarrow
27:13 Imperial Age
25:19 Wheelbarrow
24:53 Fletching
26:04 Double-Bit Axe
26:57 Horse Collar
28:30 Bow Saw
28:45 Capped Ram
31:54 Two-Man Saw
32:09 Conscription
35:18 Chemistry
34:49 Elite Hussite Wagon
35:35 Wagenburg Tactics
38:44 Hand Cart
46:05 Squires
45:25 Pikeman
cruzadometalero
9:03 Loom
9:24 Double-Bit Axe
11:54 Feudal Age
14:26 Bow Saw
17:42 Castle Age
17:01 Gold Mining
19:11 Gold Mining
18:46 Cavalier
20:11 Scale Barding Armor
21:46 Husbandry
23:05 Wheelbarrow
22:54 Town Watch
25:16 Forging
25:26 Hand Cart
27:06 Two-Man Saw
27:45 Iron Casting
27:07 Stone Mining
30:40 Gold Shaft Mining
32:34 Murder Holes
38:06 Imperial Age
35:59 Elite Skirmisher
36:58 Caravan
39:52 Town Patrol
41:17 Chemistry
40:38 Ballistics
40:11 Horse Collar
41:39 Padded Archer Armor
42:00 Chain Barding Armor
42:40 Blast Furnace
41:31 Fletching
42:53 Paladin
44:22 Plate Barding Armor
44:07 Leather Archer Armor
cabronXone
3:17 Loom
12:48 Feudal Age
20:35 Arson
20:48 Fletching
20:59 Padded Archer Armor
21:05 Scale Barding Armor
23:07 Castle Age
24:12 Chain Barding Armor
23:55 Scale Mail Armor
24:39 Pikeman
25:20 Squires
26:30 Husbandry
29:16 Double-Bit Axe
29:03 Light Cavalry
39:12 Imperial Age
43:56 Ballistics
44:53 Conscription
44:50 Gold Mining
44:51 Stone Mining
46:03 Chivalry
47:05 Siphons
ElBlack
9:45 Loom
11:30 Feudal Age
17:56 Castle Age
17:11 Double-Bit Axe
24:04 Caravan
23:36 Pikeman
25:14 Bow Saw
25:27 Fletching
27:04 Bloodlines
28:57 Bodkin Arrow
29:21 Capped Ram
30:55 Padded Archer Armor
33:31 Scale Barding Armor
34:10 Leather Archer Armor
35:47 Ballistics
38:31 Imperial Age
36:38 Wheelbarrow
40:10 Ring Archer Armor
39:51 Forging
40:01 Chain Barding Armor
40:42 Conscription
42:24 Iron Casting
42:41 Steppe Husbandry
46:10 Blast Furnace
46:20 Thumb Ring
46:41 Parthian Tactics
45:59 Elite Kipchak
48:09 Plate Barding Armor
48:24 Scale Mail Armor
noah2sheds
12:44 Feudal Age
15:25 Castle Age
14:41 Horse Collar
14:49 Double-Bit Axe
16:30 Bow Saw
17:49 Bloodlines
21:26 Gold Mining
22:49 Forging
22:42 Scale Mail Armor
23:00 Scale Barding Armor
23:16 Husbandry
23:15 Light Cavalry
30:52 Imperial Age
31:47 Gold Shaft Mining
32:05 Ballistics
34:41 Chemistry
37:27 Heavy Scorpion
45:17 Double Crossbow
ABSENT007
4:59 Loom
11:29 Feudal Age
11:50 Horse Collar
11:56 Double-Bit Axe
12:06 Gold Mining
12:07 Stone Mining
17:40 Wheelbarrow
24:54 Castle Age
24:19 Bloodlines
24:18 Scale Barding Armor
26:06 Heavy Plow
26:46 Gold Shaft Mining
26:54 Marauders
26:57 Husbandry
27:28 Bow Saw
28:22 Forging
30:25 Chain Barding Armor
38:11 Imperial Age
41:46 Hand Cart
45:04 Plate Barding Armor
44:51 Elite Tarkan
45:51 Conscription
47:12 Two-Man Saw
Guazamayete
12:49 Feudal Age
17:18 Castle Age
16:28 Double-Bit Axe
16:25 Horse Collar
17:07 Stone Mining
20:07 Bow Saw
30:43 Bloodlines
30:34 Husbandry
38:22 Forging
38:18 Scale Barding Armor
38:04 Fletching
38:20 Loom
46:26 Imperial Age
44:21 Heavy Plow
45:32 Iron Casting
46:32 Bodkin Arrow
Connection lost

Rejoining the realm…

Still unreachable

The connection could not be restored.

Session expired

The server has moved on; the page needs a fresh start.